Map: Berlingrad LE

Players

Trap - Winner!

  • Race: Protoss Protoss

MaxPax

  • Race: Protoss Protoss

Event: TSL 8

VOD

Have the link to the VOD?

Description

Time

  • Played on: Dec. 3, 2021, 9:38 a.m.
  • Length: 19:22

All games in this series

Show
View Real Time Build Order
Export as new Build Order

Trap Protoss - Winner!

Build Orders: Phoenix Opening 

Get SALT Encoding   

  12  0:00  Probe  
  13  0:12  Probe  
  14  0:18  Pylon  
  14  0:24  Probe (Chrono Boost)  
  15  0:36  Probe (Chrono Boost)  
  15  0:37  Gateway  
  16  0:45  Probe (Chrono Boost)  
  16  0:46  Assimilator  
  17  0:51  Probe  
  17  0:55  Assimilator  
  18  1:03  Probe (Chrono Boost)  
  19  1:09  Gateway  
  19  1:13  Probe (Chrono Boost)  
  20  1:18  Probe (Chrono Boost)  
  20  1:25  Cybernetics Core  
  21  1:30  Probe  
  22  1:35  Pylon  
  22  1:43  Probe  
  23  1:55  Probe  
  23  2:01  Stalker x2  
  28  2:04  Warp Gate  
  28  2:18  Shield Battery  
  28  2:21  Pylon  
  28  2:31  Stalker  
  28  2:34  Probe  
  31  2:39  Stalker  
  33  2:55  Probe  
  34  3:01  Sentry  
  36  3:08  Probe  
  36  3:09  Sentry  
  36  3:11  Shield Battery  
  39  3:25  Twilight Council  
  39  3:28  Nexus  
  39  3:31  Probe  
  39  3:32  Pylon  
  39  3:37  Phoenix  
  39  3:44  Forge  
  39  3:50  Probe (Chrono Boost)  
  40  3:55  Sentry  
  40  3:57  Stalker  
  40  4:01  Probe (Chrono Boost)  
  45  4:05  Probe (Chrono Boost)  
  45  4:07  Stalker x2  
  46  4:10  Blink (Chrono Boost)  
  46  4:12  Pylon  
  46  4:17  Probe  
  47  4:25  Assimilator  
  47  4:28  Shield Battery  
  47  4:39  Stalker x2  
  47  4:44  Probe  
  52  4:50  Probe (Chrono Boost)  
  52  4:52  Protoss Ground Weapons Level 1 (Chrono Boost)  
  52  4:56  Probe (Chrono Boost)  
  52  5:02  Stalker, Probe (Chrono Boost)  
  52  5:06  Probe (Chrono Boost)  
  56  5:09  Probe (Chrono Boost)  
  56  5:11  Probe (Chrono Boost)  
  58  5:17  Probe  
  59  5:23  Probe  
  60  5:29  Probe  
  60  5:34  Shield Battery  
  61  5:37  Gateway  
  61  5:38  Pylon  
  61  5:43  Gateway  
  61  5:45  Probe x2  
  61  5:49  Stalker x2  
  67  5:57  Probe x2  
  69  6:09  Robotics Facility  
  69  6:15  Nexus  
  69  6:23  Stalker x2  
  73  6:28  Pylon  
  73  6:34  Pylon  
  73  6:37  Photon Cannon  
  73  6:41  Stalker  
  73  6:42  Stalker  
  74  6:56  Observer  
  74  6:58  Probe (Chrono Boost)  
  69  7:03  Probe (Chrono Boost)  
  67  7:11  Stalker x4  
  67  7:13  Probe (Chrono Boost)  
  76  7:18  Observer  
  79  7:24  Probe (Chrono Boost)  
  79  7:25  Probe (Chrono Boost)  
  79  7:29  Probe (Chrono Boost)  
  79  7:31  Probe (Chrono Boost)  
  81  7:38  Probe (Chrono Boost)  
  81  7:39  Stalker x2  
  81  7:42  Probe (Chrono Boost)  
  81  7:43  Stalker  
  87  7:47  Probe (Chrono Boost)  
  87  7:50  Probe (Chrono Boost)  
  89  7:51  Protoss Ground Weapons Level 2 (Chrono Boost)  
  89  7:55  Photon Cannon  
  89  7:57  Probe x2 (Chrono Boost)  
  89  7:58  Probe (Chrono Boost)  
  92  8:01  Probe (Chrono Boost)  
  92  8:02  Observer  
  92  8:04  Probe x2  
  96  8:13  Probe  
  97  8:21  Gateway  
  97  8:23  Probe x2  
  97  8:24  Gateway  
  97  8:25  Probe  
  98  8:30  Stalker x3  
  98  8:32  Stalker  
  106  8:36  Probe x2  
  106  8:39  Pylon  
  108  8:43  Charge, Pylon  
  108  8:53  Warp Prism (Chrono Boost)  
  108  8:54  Photon Cannon  
  110  9:08  Stalker x4  
  118  9:15  Nexus  
  118  9:22  Probe x3  
  119  9:30  Photon Cannon, Gateway  
  119  9:33  Gateway  
  119  9:35  Sentry x3  
  125  9:42  Pylon  
  125  9:45  Pylon  
  125  9:47  Probe x2  
  125  9:52  Shield Battery  
  125  9:53  Shield Battery  
  125  9:54  Probe  
  125  10:01  Stalker x4  
  133  10:07  Pylon  
  133  10:08  Pylon  
  133  10:13  Observer  
  132  10:21  Pylon  
  132  10:22  Robotics Facility  
  132  10:23  Photon Cannon, Robotics Bay  
  132  10:31  Stalker  
  132  10:32  Stalker, Zealot x3  
  142  10:37  Zealot x2  
  142  10:38  Zealot  
  142  10:40  Probe x2  
  142  10:42  Probe  
  152  10:43  Observer  
  144  10:53  Stalker x2  
  148  10:58  Zealot x4  
  148  11:03  Zealot x2  
  160  11:10  Photon Cannon  
  158  11:12  Pylon  
  158  11:14  Assimilator  
  158  11:19  Zealot x6  
  158  11:24  Photon Cannon  
  163  11:30  Shield Battery  
  163  11:31  Observer (Chrono Boost)  
  111  11:43  Zealot x6  
  111  11:45  Probe x3  
  111  11:46  Probe  
  104  11:56  Disruptor (Chrono Boost)  
  104  11:57  Probe x2, Disruptor (Chrono Boost)  
  104  11:58  Probe x2  
  114  12:06  Pylon  
  114  12:07  Pylon  
  114  12:09  Zealot x2, Probe  
  114  12:10  Zealot  
  114  12:11  Zealot  
  123  12:16  Assimilator  
  123  12:17  Probe x2  
  123  12:18  Probe  
  123  12:20  Assimilator  
  125  12:22  Photon Cannon  
  125  12:29  Pylon  
  125  12:32  Stalker x2  
  125  12:53  Stalker x5  
  125  12:55  Zealot x2  
  125  12:56  Zealot  
  134  13:01  Shield Battery  
  128  13:06  Warp Prism (Chrono Boost)  
  128  13:07  Disruptor (Chrono Boost)  
  133  13:20  Zealot x3  
  133  13:23  Probe x3  
  133  13:24  Probe  
  133  13:26  Stalker x3  
  147  13:39  Disruptor x2 (Chrono Boost)  
  147  13:41  Zealot x2  
  147  13:45  Gravitic Boosters  
  157  13:49  Nexus  
  156  13:58  Shield Battery  
  156  14:07  Disruptor (Chrono Boost)  
  156  14:09  Observer (Chrono Boost)  
  157  14:17  Zealot x6  
  167  14:26  Disruptor (Chrono Boost)  
  164  14:33  Stalker x2  
  164  14:34  Disruptor (Chrono Boost)  
  164  14:37  Stalker x2  
  164  14:38  Stalker x2  
  154  14:55  Stalker x2  
  154  14:57  Stalker x2  
  162  15:04  Observer  
  162  15:06  Probe x4  
  163  15:12  Dark Shrine  
  163  15:18  Probe  
  160  15:26  Photon Cannon  
  160  15:28  Stalker x4  
  162  15:36  Disruptor  
  162  15:41  Zealot  
  162  15:42  Zealot  
  157  15:43  Zealot x2  
  161  15:52  Disruptor  
  161  15:56  Photon Cannon  
  162  16:04  Zealot x4  
  162  16:10  Protoss Ground Weapons Level 3 (Chrono Boost)  
  160  16:20  Observer  
  160  16:22  Stalker  
  160  16:23  Stalker x3, Shadow Stride (Chrono Boost)  
  169  16:28  Nexus  
  168  16:42  Stalker x4  
  172  16:58  Assimilator  
  170  17:19  Pylon  
  170  17:20  Dark Templar  
  170  17:21  Dark Templar x3  
  176  17:33  Stalker x2  
  176  17:34  Nexus  
  180  17:37  Stargate  
  180  17:39  Pylon  
  180  17:48  Disruptor  
  180  17:52  Disruptor  
  163  18:08  Zealot x4  
  163  18:09  Zealot x4  
  153  18:24  Disruptor  
Show
View Real Time Build Order
Export as new Build Order

MaxPax Protoss 

Build Orders: Oracle Opening 

Get SALT Encoding   

  12  0:00  Probe  
  13  0:12  Probe  
  14  0:21  Pylon  
  14  0:25  Probe  
  15  0:40  Probe (Chrono Boost)  
  15  0:42  Gateway  
  16  0:49  Assimilator, Probe (Chrono Boost)  
  17  0:54  Probe (Chrono Boost)  
  18  1:06  Probe (Chrono Boost)  
  18  1:10  Assimilator  
  19  1:11  Pylon  
  19  1:18  Probe (Chrono Boost)  
  20  1:26  Probe (Chrono Boost)  
  20  1:30  Cybernetics Core  
  20  1:32  Probe  
  24  1:44  Probe  
  25  1:59  Nexus, Probe  
  24  2:05  Adept (Chrono Boost)  
  26  2:16  Stargate  
  26  2:20  Probe  
  27  2:23  Warp Gate  
  27  2:30  Stalker  
  27  2:37  Probe  
  29  2:43  Shield Battery  
  29  3:03  Pylon  
  29  3:05  Void Ray (Chrono Boost)  
  29  3:08  Stalker  
  35  3:16  Probe  
  35  3:17  Probe  
  37  3:24  Forge  
  35  3:31  Probe  
  37  3:39  Shield Battery  
  40  3:52  Shield Battery  
  40  3:59  Oracle (Chrono Boost), Probe x2  
  40  4:08  Gateway  
  40  4:11  Stalker, Probe x2  
  44  4:22  Pylon  
  44  4:23  Probe  
  45  4:25  Probe  
  45  4:26  Oracle (Chrono Boost)  
  49  4:35  Probe  
  49  4:36  Twilight Council  
  49  4:37  Probe  
  51  4:39  Stalker  
  53  4:47  Probe  
  53  4:49  Probe  
  55  4:59  Probe  
  56  5:01  Assimilator, Probe  
  56  5:02  Stalker  
  56  5:03  Stalker  
  61  5:12  Probe  
  62  5:18  Pylon  
  62  5:19  Photon Cannon  
  62  5:22  Gateway  
  62  5:31  Blink (Chrono Boost)  
  62  5:36  Probe x2, Dark Shrine  
  64  5:48  Probe x2  
  66  5:59  Protoss Ground Weapons Level 1 (Chrono Boost)  
  66  6:00  Probe x2  
  68  6:06  Gateway  
  68  6:10  Nexus  
  68  6:12  Probe  
  68  6:14  Probe  
  68  6:17  Pylon  
  70  6:24  Gateway  
  70  6:35  Stalker x3, Probe x2, Pylon  
  78  6:40  Robotics Facility  
  78  6:45  Pylon  
  78  6:53  Probe x2  
  80  7:00  Stalker x3  
  80  7:01  Stalker  
  79  7:05  Probe  
  79  7:06  Probe  
  75  7:14  Gateway  
  75  7:15  Shield Battery  
  75  7:18  Probe  
  75  7:20  Dark Templar  
  75  7:21  Probe  
  79  7:26  Stalker  
  81  7:35  Stalker x2  
  83  7:40  Shield Battery  
  83  7:41  Stalker  
  83  7:43  Probe  
  86  7:48  Assimilator  
  86  7:49  Assimilator  
  83  7:52  Zealot  
  83  7:53  Shield Battery  
  83  7:56  Dark Templar  
  87  7:59  Probe, Pylon  
  87  8:00  Probe  
  87  8:05  Stalker x2  
  93  8:06  Probe  
  93  8:11  Probe  
  93  8:13  Immortal (Chrono Boost), Probe  
  99  8:23  Photon Cannon  
  99  8:24  Zealot x2  
  100  8:28  Charge  
  100  8:30  Zealot x2  
  104  8:35  Stalker  
  106  8:43  Immortal (Chrono Boost)  
  106  8:45  Pylon  
  106  8:48  Protoss Ground Weapons Level 2 (Chrono Boost)  
  110  9:00  Zealot x4  
  117  9:09  Templar Archives  
  115  9:12  Gateway  
  115  9:13  Assimilator  
  115  9:16  Photon Cannon  
  116  9:17  Observer (Chrono Boost)  
  114  9:30  Probe x3  
  117  9:33  Sentry, Pylon  
  117  9:35  Warp Prism (Chrono Boost)  
  117  9:36  Zealot x2  
  125  9:41  Pylon  
  125  9:45  Gateway  
  123  9:53  High Templar x2  
  123  9:56  Zealot x2  
  123  9:57  Zealot  
  123  9:59  Archon  
  132  10:00  Pylon  
  132  10:04  Observer  
  133  10:12  Pylon  
  132  10:24  Dark Templar x4  
  132  10:26  Zealot x3  
  132  10:28  Immortal (Chrono Boost)  
  138  10:53  Zealot x4  
  143  11:05  Warp Prism, Zealot x4  
  151  11:22  Zealot x2  
  151  11:23  Zealot x2  
  135  11:33  Nexus  
  135  11:36  Stalker x4  
  126  11:40  Probe  
  111  11:51  Stalker x4  
  106  11:54  Probe  
  106  11:57  Robotics Bay, Observer (Chrono Boost), Protoss Ground Weapons Level 3 (Chrono Boost)  
  105  12:05  Probe x2  
  105  12:08  Photon Cannon  
  105  12:11  Shadow Stride  
  105  12:18  High Templar x2  
  105  12:22  Archon  
  109  12:25  Dark Templar x3  
  109  12:26  Dark Templar  
  117  12:32  High Templar x2  
  121  12:37  Archon  
  120  12:47  Observer (Chrono Boost)  
  112  13:00  Stalker x2  
  112  13:05  Disruptor (Chrono Boost)  
  110  13:10  Stalker x6  
  120  13:14  Probe  
  117  13:21  Nexus, Probe  
  117  13:22  Probe  
  117  13:26  Probe  
  120  13:34  Probe  
  120  13:39  Stalker x5  
  120  13:41  Disruptor (Chrono Boost)  
  129  13:42  Probe  
  129  13:48  Photon Cannon  
  133  14:02  Dark Templar x3  
  134  14:17  Disruptor  
  133  14:26  Nexus  
  133  14:29  Pylon  
  127  14:35  Zealot  
  127  14:36  Zealot x4  
  136  14:38  Stalker  
  136  14:39  Stalker  
  126  14:53  Disruptor  
  127  15:01  Probe  
  127  15:03  Gravitic Boosters (Chrono Boost)  
  127  15:04  Photon Cannon  
  127  15:05  Stalker x2  
  127  15:06  Stalker  
  128  15:08  High Templar  
  128  15:09  High Templar  
  130  15:14  Archon  
  126  15:24  Zealot  
  126  15:26  Probe  
  129  15:29  Photon Cannon  
  129  15:30  Disruptor (Chrono Boost)  
  112  15:49  Stalker x4  
  116  16:04  Observer (Chrono Boost)  
  116  16:16  Disruptor (Chrono Boost)  
  117  16:20  Dark Templar x4  
  123  16:37  Nexus  
  122  16:42  Disruptor (Chrono Boost)  
  123  17:00  Stalker x4  
  131  17:05  Pylon  
  131  17:14  Disruptor (Chrono Boost)  
  126  17:33  Nexus  
  126  17:40  Disruptor (Chrono Boost)  
  101  18:05  Zealot x5  
  89  18:06  Zealot  
Tags
 
Add a new tag
Caveats
  • Supply blocks, unpowered buildings, or Contaminate may cause inaccurate times.
  • Supply counts are checked every 10 seconds.